details: 'Torrent tralker shit talker'

« prev index next »

General information

Mini Map

Players

team 1
Random» Humanbuckeyes (blue | 46 APM | 855 actions | 18:42)
Hero icon 4 Mountain King
Ability icon 2 Storm Bolt
Ability icon 2 Bash
Hero icon 2 Paladin
Ability icon 1 Holy Light
Ability icon 1 Divine Shield

» actions
Assign group hotkey23
Basic commands38
Build / train68
Enter build submenu24
Enter hero's abilities submenu6
Remove unit from queue2
Right click288
Select / deselect240
Select group hotkey120
Use ability46
855 total
» units
Peasant9
Rifleman18
Goblin Shredder1
Mortar Team6
Siege Engine-1
Knight1
34 total
» upgrades
Gunpowder2
Armor2
Long Rifles1
Fragmentation Shards1
Flak Cannons1
Flying Machine Bombs1
8 total
» buildings
Farm12
Altar of Kings1
Blacksmith1
Barracks2
Scout Tower1
Arcane Tower2
Arcane Vault1
Keep2
Castle3
Workshop2
Lumber Mill1
Town Hall1
29 total
» build order
00:37 Farm
00:51 Altar of Kings
01:12 Blacksmith
01:23 Barracks
01:40 Scout Tower
01:56 Farm
02:26 Arcane Tower
02:26 Arcane Tower
02:36 Farm
02:53 Arcane Vault
03:13 Farm
04:40 Keep
04:40 Keep
05:09 Farm
07:05 Castle
07:06 Castle
07:06 Castle
07:40 Barracks
09:53 Workshop
10:00 Lumber Mill
10:10 Workshop
10:39 Farm
10:41 Farm
10:47 Farm
10:48 Farm
10:56 Farm
10:57 Farm
10:59 Farm
11:54 Town Hall
» items
Scroll of Regeneration3
Lesser Clarity Potion1
Scroll of Town Portal3
7 total
Random» UndeadPycckuu_IIapenb (orange | 50 APM | 935 actions | 18:46)
Hero icon 5 Death Knight
Ability icon 3 Death Coil
Ability icon 1 Death Pact
Ability icon 1 Unholy Aura

» actions
Assign group hotkey18
Basic commands17
Build / train57
Enter build submenu15
Enter hero's abilities submenu5
Remove unit from queue1
Right click447
Select / deselect198
Select group hotkey110
Use ability67
935 total
» units
Acolyte14
Ghoul3
Crypt Fiend13
Obsidian Statue3
33 total
» upgrades
Creature Attack2
Creature Carapace2
Web1
5 total
» buildings
Crypt2
Ziggurat9
Altar of Darkness1
Graveyard1
Tomb of Relics1
Halls of the Dead1
Spirit Tower5
Nerubian Tower1
Slaughterhouse1
Sacrificial Pit1
23 total
» build order
00:30 Crypt
00:35 Crypt
00:41 Ziggurat
00:55 Ziggurat
01:27 Altar of Darkness
02:07 Graveyard
02:40 Tomb of Relics
03:06 Ziggurat
05:55 Ziggurat
07:23 Halls of the Dead
07:36 Spirit Tower
07:38 Nerubian Tower
08:41 Ziggurat
08:42 Ziggurat
08:44 Ziggurat
10:48 Slaughterhouse
10:51 Ziggurat
10:52 Ziggurat
10:56 Sacrificial Pit
10:59 Spirit Tower
12:34 Spirit Tower
12:34 Spirit Tower
12:35 Spirit Tower
» items
Rod of Necromancy2
2 total
Random» OrcAshetokka (pink | 39 APM | 771 actions | 19:52)
Hero icon 4 Far Seer
Ability icon 2 Feral Spirit
Ability icon 2 Chain Lighting

» actions
Assign group hotkey27
Basic commands80
Build / train70
Enter build submenu21
Enter hero's abilities submenu4
Remove unit from queue1
Right click228
Select / deselect248
Select group hotkey56
Use ability36
771 total
» units
Peon14
Grunt11
Troll Headhunter/Berserker8
Tauren9
Shaman8
50 total
» upgrades
Melee Weapons3
Armor3
Berserker Strength1
Shaman Training2
Pillage1
Berserker Upgrade1
Pulverize1
12 total
» buildings
Orc Burrow8
Altar of Storms1
Barracks2
War Mill1
Stronghold1
Fortress1
Spirit Lodge1
Great Hall1
Tauren Totem2
Watch Tower3
Voodoo Lounge1
22 total
» build order
00:06 Orc Burrow
00:17 Altar of Storms
00:55 Barracks
01:25 War Mill
01:59 Barracks
02:03 Orc Burrow
02:40 Stronghold
03:02 Orc Burrow
03:11 Orc Burrow
04:11 Orc Burrow
05:07 Orc Burrow
05:15 Fortress
05:22 Spirit Lodge
06:15 Great Hall
07:08 Orc Burrow
08:13 Tauren Totem
08:18 Tauren Totem
10:41 Orc Burrow
12:32 Watch Tower
14:55 Voodoo Lounge
15:40 Watch Tower
17:35 Watch Tower
Random» NightElfAFK-Boring_Game (purple | 6 APM | 102 actions | 17:16)

» actions
Build / train5
Enter build submenu1
Right click11
Select / deselect69
Use ability16
102 total
» units
Wisp5
5 total
» buildings
Tree of Life1
1 total
» build order
12:27 Tree of Life
team 2
Random» NightElfyeldah (red | 67 APM | 1324 actions | 19:53)
Hero icon 6 Pandaren Brewmaster
Ability icon 3 Breath of Fire
Ability icon 2 Drunken Haze
Ability icon 1 Storm Earth and Fire

» actions
Assign group hotkey23
Basic commands39
Build / train71
Enter build submenu17
Enter hero's abilities submenu6
Give item / drop item1
Remove unit from queue1
Right click320
Select / deselect206
Select group hotkey533
Use ability107
1324 total
» units
Wisp25
Archer7
Huntress1
Druid of the Claw9
Goblin Shredder1
Mountain Giant3
46 total
» upgrades
Druid of the Claw Training2
Mark of the Claw1
Reinforced Hides3
Strength of the Wild2
Well Spring1
Resistant Skin1
Hardened Skin1
Nature's Blessing1
Backpack1
Abolish Magic1
14 total
» buildings
Altar of Elders1
Moon Well6
Ancient of War1
Tree of Ages1
Hunter's Hall1
Tree of Eternity1
Ancient of Lore2
Tree of Life2
Ancient Protector2
Ancient of Wonders1
18 total
» build order
00:08 Altar of Elders
00:14 Moon Well
00:41 Ancient of War
01:28 Moon Well
03:08 Tree of Ages
03:39 Moon Well
04:15 Hunter's Hall
04:34 Moon Well
05:29 Tree of Eternity
05:49 Ancient of Lore
06:00 Ancient of Lore
07:19 Moon Well
08:25 Moon Well
08:31 Tree of Life
11:05 Tree of Life
13:07 Ancient Protector
15:03 Ancient of Wonders
15:33 Ancient Protector
» items
Scroll of Town Portal1
Periapt of Vitality1
2 total
Random» UndeadMichael. (yellow | 71 APM | 1420 actions | 19:53)
Hero icon 5 Death Knight
Ability icon 3 Death Coil
Ability icon 2 Unholy Aura
Hero icon 3 Lich
Ability icon 2 Frost Nova
Ability icon 1 Frost Armor

» actions
Assign group hotkey19
Basic commands45
Build / train67
ESC pressed1
Enter build submenu18
Enter hero's abilities submenu8
Give item / drop item2
Right click653
Select / deselect253
Select group hotkey268
Use ability86
1420 total
» units
Acolyte10
Ghoul4
Crypt Fiend11
Frost Wyrm10
35 total
» upgrades
Creature Attack3
Creature Carapace4
Web1
8 total
» buildings
Graveyard1
Crypt1
Ziggurat8
Altar of Darkness2
Tomb of Relics1
Halls of the Dead1
Black Citadel1
Spirit Tower1
Sacrificial Pit1
Boneyard2
19 total
» build order
00:30 Graveyard
00:35 Crypt
00:39 Ziggurat
00:59 Altar of Darkness
01:06 Altar of Darkness
01:34 Ziggurat
02:29 Ziggurat
03:08 Tomb of Relics
07:35 Halls of the Dead
09:40 Ziggurat
09:42 Ziggurat
09:43 Ziggurat
11:47 Black Citadel
11:57 Spirit Tower
14:07 Sacrificial Pit
15:16 Boneyard
15:50 Boneyard
18:07 Ziggurat
18:08 Ziggurat
» items
Rod of Necromancy2
Sacrificial Skull1
Scroll of Town Portal3
Potion of Mana1
Potion of Healing1
Orb of Corruption1
9 total
UndeadImTorrentingME3 (green | 65 APM | 1285 actions | 19:54)
Hero icon 3 Crypt Lord
Ability icon 2 Impale
Ability icon 1 Spiked Carapace
Hero icon 6 Death Knight
Ability icon 3 Death Coil
Ability icon 2 Unholy Aura
Ability icon 1 Animate Dead

» actions
Assign group hotkey29
Basic commands48
Build / train69
Enter build submenu18
Enter hero's abilities submenu9
Remove unit from queue1
Right click413
Select / deselect320
Select group hotkey280
Use ability98
1285 total
» units
Acolyte7
Ghoul3
Crypt Fiend4
Necromancer13
Meatwagon5
Obsidian Statue2
34 total
» upgrades
Creature Attack1
Unholy Strength3
Web1
Necromancer Training2
Exhume Corpses1
Unholy Armor2
Skeletal Longevity1
Backpack1
Destroyer Form1
13 total
» buildings
Altar of Darkness1
Ziggurat8
Crypt1
Graveyard1
Nerubian Tower1
Tomb of Relics1
Halls of the Dead2
Temple of the Damned1
Slaughterhouse2
Spirit Tower5
Black Citadel1
Necropolis1
25 total
» build order
00:06 Altar of Darkness
00:07 Ziggurat
00:35 Crypt
00:58 Graveyard
01:27 Nerubian Tower
01:30 Tomb of Relics
02:34 Ziggurat
03:12 Halls of the Dead
03:12 Halls of the Dead
04:49 Ziggurat
05:36 Temple of the Damned
05:39 Slaughterhouse
07:30 Slaughterhouse
07:33 Spirit Tower
08:37 Ziggurat
09:54 Black Citadel
10:36 Necropolis
10:38 Ziggurat
10:39 Ziggurat
11:34 Spirit Tower
11:48 Spirit Tower
12:06 Spirit Tower
18:47 Spirit Tower
19:31 Ziggurat
19:32 Ziggurat
» items
Rod of Necromancy1
1 total
Humannoproblemtkn (teal | 164 APM | 3270 actions | 19:53)
Hero icon 6 Archmage
Ability icon 2 Summon Water Elemental
Ability icon 3 Brilliance Aura
Ability icon 1 Mass Teleport
Hero icon 5 Mountain King
Ability icon 3 Storm Bolt
Ability icon 2 Bash
Hero icon 4 Paladin
Ability icon 2 Holy Light
Ability icon 2 Divine Shield

» actions
Assign group hotkey35
Basic commands10
Build / train129
Enter build submenu28
Enter hero's abilities submenu16
Give item / drop item5
Remove unit from queue2
Right click1194
Select / deselect277
Select group hotkey1411
Use ability163
3270 total
» units
Peasant14
Footman4
Goblin Shredder2
Goblin Zeppelin2
Gryphon Rider5
27 total
» upgrades
Defend1
Lumber Harvesting2
Animal War Training1
Storm Hammers1
Armor1
6 total
» buildings
Altar of Kings1
Farm11
Barracks1
Scout Tower24
Lumber Mill1
Keep2
Arcane Tower5
Arcane Vault2
Blacksmith1
Town Hall3
Castle2
Guard Tower18
Gryphon Aviary2
73 total
» build order
00:28 Altar of Kings
00:30 Farm
00:37 Barracks
01:14 Farm
01:55 Farm
03:49 Farm
04:20 Scout Tower
04:26 Lumber Mill
04:33 Keep
04:33 Keep
04:58 Arcane Tower
04:59 Arcane Tower
05:52 Arcane Vault
06:11 Blacksmith
06:25 Town Hall
07:16 Scout Tower
07:16 Scout Tower
07:32 Castle
07:32 Castle
07:46 Arcane Tower
07:46 Arcane Tower
07:47 Arcane Tower
08:27 Guard Tower
08:28 Scout Tower
08:29 Scout Tower
08:29 Scout Tower
08:39 Gryphon Aviary
08:40 Gryphon Aviary
09:27 Guard Tower
09:27 Guard Tower
09:52 Arcane Vault
10:14 Farm
10:14 Farm
10:15 Farm
10:15 Farm
11:04 Farm
11:05 Farm
11:49 Scout Tower
11:51 Scout Tower
11:53 Scout Tower
13:45 Guard Tower
13:45 Guard Tower
13:45 Guard Tower
14:12 Scout Tower
14:12 Scout Tower
14:22 Farm
15:05 Guard Tower
15:05 Guard Tower
15:05 Guard Tower
15:05 Guard Tower
15:55 Scout Tower
15:56 Scout Tower
15:58 Scout Tower
15:59 Scout Tower
16:00 Scout Tower
16:00 Scout Tower
16:03 Town Hall
16:06 Scout Tower
16:07 Scout Tower
16:07 Scout Tower
17:18 Guard Tower
17:19 Guard Tower
18:32 Town Hall
18:49 Guard Tower
18:49 Guard Tower
19:50 Scout Tower
19:50 Scout Tower
19:51 Scout Tower
» items
Scroll of Regeneration4
Lesser Clarity Potion4
Potion of Healing1
Staff of Sanctuary1
Orb of Fire2
Scroll of Town Portal5
Scroll of Healing5
22 total

Chat log

(00:12 / Allies) noproblemtkn: what tracker are you torrenting it from
(00:14 / All) ImTorrentingME3: How are all of my fellow WC3 players tonight
(00:15 / Allies) ImTorrentingME3: Demonoid
(00:19 / Allies) noproblemtkn: lol
(00:21 / Allies) noproblemtkn: fucking scrub
(00:22 / Allies) Michael.: what is me3?
(00:24 / Allies) ImTorrentingME3: lol
(00:28 / All) AFK-Boring_Game: spoiled?
(00:30 / All) ImTorrentingME3: "fucking scrub" why
(00:40 / All) ImTorrentingME3: Teal called me that for using Demonoid
(00:43 / Allies) noproblemtkn: because demonoid is for scrubs
(00:45 / All) AFK-Boring_Game: lol
(00:46 / Allies) Michael.: o
(00:49 / All) ImTorrentingME3: Pirate Bay has the RUS version only
(00:50 / Allies) Michael.: o_O demonoid is amazing
(00:52 / All) AFK-Boring_Game: lol
(00:55 / Allies) noproblemtkn: no its not
(00:59 / All) AFK-Boring_Game: who here drives a car?
(01:00 / Allies) noproblemtkn: demonoid is for retards
(01:02 / Allies) Michael.: what do u use?
(01:02 / All) ImTorrentingME3: Teal is angry he didn't get an invite
(01:08 / All) AFK-Boring_Game: lmao
(01:08 / Allies) noproblemtkn: no i have demonoid
(01:11 / Allies) Michael.: o_O
(01:13 / Allies) Michael.: then why not use it
(01:15 / Allies) Michael.: explain ur logic!
(01:20 / Allies) noproblemtkn: because i have shit thats way better
(01:25 / Allies) ImTorrentingME3: Such as?
(01:25 / Allies) Michael.: like?!
(01:29 / Allies) noproblemtkn: blackcats is what i use for video games
(01:40 / Allies) yeldah: wanna rush?
(01:42 / Allies) ImTorrentingME3: Blackcats only good for music imo
(01:48 / Allies) noproblemtkn: fucking retard
(01:51 / Allies) noproblemtkn: blackcats doesnt have music
(01:58 / Allies) noproblemtkn: keep pretending tho
(02:01 / Allies) Michael.: O_O INVITE
(02:07 / Allies) ImTorrentingME3: I don't have an invite but I've heard of it
(02:14 / Allies) noproblemtkn: ofc you dont
(02:16 / Allies) Michael.: teal invite pl0x
(02:17 / Allies) ImTorrentingME3: Oink was pro
(02:18 / Allies) noproblemtkn: what.cd
(02:20 / Allies) Michael.: im on wait ilst
(02:21 / Allies) noproblemtkn: passthepopcorn
(02:22 / Allies) Michael.: :(
(02:24 / Allies) noproblemtkn: torrentleech
(02:28 / Allies) ImTorrentingME3: whatcd replaced Oink
(02:31 / Allies) ImTorrentingME3: That's waht I'm thinking of
(02:39 / Allies) noproblemtkn: hdbits
(02:46 / Allies) ImTorrentingME3: You sure use a lot of torrent sites
(02:49 / Allies) ImTorrentingME3: Guess blackcats sucks
(02:59 / Allies) Michael.: i miss oldschool tpb :(
(02:59 / Allies) noproblemtkn: no each tracker is specialized
(03:03 / Allies) Michael.: can we alll just agree on that?
(03:05 / Allies) noproblemtkn: blackcats is the best for gaming
(03:07 / Allies) noproblemtkn: period
(03:08 / Allies) ImTorrentingME3: TPB used to be good
(03:11 / Allies) noproblemtkn: what and waffles for music
(03:14 / Allies) noproblemtkn: ptp for music
(03:17 / Allies) noproblemtkn: btn for tv shows
(03:23 / Allies) Michael.: :( i miss the old like 08-09
(03:23 / Allies) noproblemtkn: tl for 0day
(03:26 / Allies) ImTorrentingME3: You use too many torrent sites
(03:27 / Allies) ImTorrentingME3: listed like 90
(03:30 / Allies) yeldah: tea;
(03:34 / Allies) yeldah: teal just play
(03:39 / Allies) noproblemtkn: and theyre all invite only
(03:45 / Allies) ImTorrentingME3: yep invites aren't hard to get
(03:52 / Allies) noproblemtkn: lol ok
(03:58 / Allies) ImTorrentingME3: autorefresh and a page change notifier means EZ blackcats notifier
(04:04 / Allies) ImTorrentingME3: not on any waiting lists
(04:09 / Allies) noproblemtkn: lol
(04:15 / Allies) noproblemtkn: you dont know shit about private trackers
(04:18 / Allies) ImTorrentingME3: I have all the torrent sites I need, I use demonoid for almost everything
(04:34 / Allies) ImTorrentingME3: I don't listen to music to need a tracker for it
(04:35 / Allies) Michael.: #napster
(04:47 / Allies) Michael.: green
(04:49 / Allies) Michael.: u expo or me?
(04:54 / Allies) ImTorrentingME3: You can
(04:59 / Allies) Michael.: k
(05:01 / Allies) ImTorrentingME3: I will too at middle
(05:07 / Allies) Michael.: help me open
(05:10 / Allies) ImTorrentingME3: Sure
(05:12 / Allies) Michael.: ty
(05:16 / Allies) ImTorrentingME3: Np
(05:48 / Allies) Michael.: ty
(05:50 / Allies) ImTorrentingME3: Np
(05:59 / Allies) Michael.: u doing lich or cl?
(06:00 / Allies) ImTorrentingME3: Creep the shop since teal got mid expo creeped?
(06:05 / Allies) ImTorrentingME3: CL
(06:08 / Allies) Michael.: kk
(06:11 / Allies) Michael.: ill do a dmg lich then
(06:18 / Allies) ImTorrentingME3: K sounds good
(06:39 / Allies) noproblemtkn: although it makes me fell good you guys still use demonoid
(06:45 / Allies) noproblemtkn: i use private trackers with a vpn
(06:48 / Allies) ImTorrentingME3: cool
(06:48 / Allies) yeldah: going bears
(06:51 / Allies) Michael.: lol how much are u seeding / dling?
(06:56 / Allies) noproblemtkn: theyll catch 1000 of you before they catch me
(07:05 / Allies) noproblemtkn: i have 10meg connection
(07:07 / Allies) ImTorrentingME3: cool, I live in sweden where piracy is legal
(07:07 / Allies) noproblemtkn: 10 down
(07:08 / Allies) noproblemtkn: 1 up
(07:14 / Allies) ImTorrentingME3: I have 100 mb up 20 down
(07:18 / Allies) noproblemtkn: lol
(07:21 / Allies) noproblemtkn: no you dont
(07:25 / Allies) Michael.: lolz
(07:25 / Allies) ImTorrentingME3: pretty low for SE standards actually
(08:06 / All) Michael.: tango down.

(09:27 / All) AFK-Boring_Game: ...
(09:30 / All) AFK-Boring_Game: no comment
(09:34 / All) ImTorrentingME3: ?
(09:40 / All) AFK-Boring_Game: pink hero
(09:44 / All) AFK-Boring_Game: pny by teal
(09:46 / All) ImTorrentingME3: 3 pronged attacks unusual in 4v4
(09:48 / All) AFK-Boring_Game: pwnt*
(10:01 / All) AFK-Boring_Game: dude spend ur 4k gold
(10:07 / All) ImTorrentingME3: ?
(10:12 / All) ImTorrentingME3: how do you know someone has that? an ally?
(10:15 / All) ImTorrentingME3: or mh?
(10:19 / All) AFK-Boring_Game: mh
(10:29 / All) Michael.: lol
(10:37 / All) Michael.: purple mh?
(10:38 / All) AFK-Boring_Game: What? u dont believe me?
(10:47 / All) Michael.: ur t1 with 5 wisps
(10:47 / All) AFK-Boring_Game: so what
(10:49 / All) AFK-Boring_Game: if i mh
(10:49 / All) Michael.: on trees
(10:51 / All) Michael.: nothing
(10:54 / All) Michael.: its common now n days
(10:56 / All) AFK-Boring_Game: mh?
(10:59 / All) ImTorrentingME3: 10 year old game don't have to kill it more with mh
(11:18 / All) AFK-Boring_Game: never said i mh, i said whats wrong weith mh lol?
(11:18 / All) ImTorrentingME3: obs mh
(12:12 / All) Michael.: nice expo blue
(12:18 / All) Michael.: it would be a shame if something happneed to it.
(12:40 / Allies) Michael.: coming
(12:41 / Allies) ImTorrentingME3: tp

(14:00 / Allies) ImTorrentingME3: counter?
(14:09 / Allies) yeldah: up to u
(14:14 / Allies) ImTorrentingME3: hit expos imo
(14:26 / All) Michael.: purple you could say.... i got the moves like jager
(14:53 / Allies) Michael.: who has wood?
(15:24 / All) AFK-Boring_Game: LOL
(15:28 / All) AFK-Boring_Game: U SURE UR NOT MHING?
(15:29 / Allies) Michael.: red
(15:30 / Allies) Michael.: can i have wood?
(15:31 / All) AFK-Boring_Game: sorry caps
(15:36 / All) ImTorrentingME3: level 2 cl for level 4 mk
(15:38 / All) ImTorrentingME3: not a bad trade
(15:44 / All) AFK-Boring_Game: lol
(15:48 / Allies) Michael.: red?
(15:58 / Allies) yeldah: what
(16:01 / Allies) Michael.: wood pleae
(16:05 / Allies) ImTorrentingME3: tp
(16:11 / Allies) Michael.: ty
(16:16 / All) AFK-Boring_Game: ur base for ur army
(16:19 / All) AFK-Boring_Game: Not a bad deal
(16:20 / All) ImTorrentingME3: o rly
(16:28 / All) AFK-Boring_Game: 3v2
(16:39 / Allies) Michael.: coil me
(16:40 / All) AFK-Boring_Game: Lol
(16:46 / Allies) Michael.: ty
(16:50 / Allies) ImTorrentingME3: np
(17:00 / All) ImTorrentingME3: not 4v2 win yet
(17:05 / All) AFK-Boring_Game: lol
(17:10 / Allies) ImTorrentingME3: couner?
(17:18 / All) Michael.: no countering is allowed lol

(18:49 / Allies) ImTorrentingME3: gj guys
(18:52 / Allies) ImTorrentingME3: You were pretty cool yellow
(19:29 / All) Ashetokka: oj was useless
(19:35 / All) ImTorrentingME3: Purp was an observer